[Event "ICC Open 2015"]
[Site "Internet Chess Club"]
[Date "2015.05.30"]
[Round "11"]
[White "RLH2"]
[Black "jefferyx"]
[Result "1-0"]
[ICCResult "Black forfeits on time"]
[WhiteElo "2835"]
[BlackElo "2831"]
[Opening "Nimzovich-Larsen attack: Polish variation"]
[ECO "A01"]
[NIC "VO.08"]
[Time "16:13:44"]
[TimeControl "180+0"]

1. b3 b5 2. Bb2 Bb7 3. Nf3 Nf6 4. e3 a6 5. c4 bxc4 6. Bxc4 e6 7. O-O Be7 8.
d4 Rg8 9. Nc3 g5 10. Nd2 Nc6 11. Rc1 h5 12. d5 Ne5 13. e4 g4 14. Na4 Ng6 15.
dxe6 fxe6 16. e5 Nh7 17. Bd3 Ng5 18. Bxg6+ Rxg6 19. Qc2 Kf7 20. Qxc7 Qxc7
21. Rxc7 Bc6 22. Nb6 Rd8 23. Nbc4 h4 24. Na5 Bd5 25. Nb7 Rb8 26. Nd6+ Kf8
27. Rfc1 g3 28. hxg3 hxg3 29. fxg3 Bd8 30. Rc8 Rxc8 31. Rxc8 Ke7 32. N2c4
Nh3+ 33. gxh3 Rxg3+ 34. Kf2 Rxh3 35. Ba3 Rh2+ 36. Kg3 Rg2+ 37. Kh3 Rxa2 38.
Nf5+ Kf7 39. Rxd8 exf5 40. Bd6 Be6 41. Kg3 f4+ 42. Kxf4 Rf2+ 43. Ke3 Rh2 44.
Rf8+ Kg6 45. Rf6+ Kg5 46. Kd4 Rh3 47. Ne3 Rh4+ 48. Kc5 Re4 49. Nc4 Bxc4 50.
bxc4 Rxc4+ 51. Kxc4 {Black forfeits on time} 1-0

[Event "ICC Open 2015"]
[Site "Internet Chess Club"]
[Date "2015.05.30"]
[Round "11"]
[White "Sjelan"]
[Black "Parsifal"]
[Result "0-1"]
[ICCResult "White resigns"]
[WhiteElo "2195"]
[BlackElo "2430"]
[Opening "Queen's Indian: Nimzovich variation (exaggerated fianchetto)"]
[ECO "E15"]
[NIC "QI.05"]
[Time "16:14:46"]
[TimeControl "180+0"]

1. d4 Nf6 2. Nf3 e6 3. c4 b6 4. g3 Ba6 5. b3 d5 6. Nbd2 c5 7. cxd5 exd5 8.
e3 Bd6 9. Bxa6 Nxa6 10. O-O Qe7 11. dxc5 bxc5 12. Bb2 O-O 13. Bc3 Nc7 14.
Rc1 Rfd8 15. Qc2 Ne6 16. Rfd1 Rac8 17. Bb2 h6 18. e4 Nd4 19. Nxd4 cxd4 20.
Qxc8 Rxc8 21. Rxc8+ Kh7 22. exd5 Qe2 23. Rcc1 Bb4 24. Nc4 d3 25. Bxf6 gxf6
26. a3 Bc5 27. Rd2 Qf3 28. b4 Bd4 29. d6 h5 30. Rcd1 h4 31. Rxd3 Bxf2+ 32.
Kf1 Be3+ {White resigns} 0-1

[Event "ICC Open 2015"]
[Site "Internet Chess Club"]
[Date "2015.05.30"]
[Round "11"]
[White "pagoda"]
[Black "Mormegil"]
[Result "1-0"]
[ICCResult "Black resigns"]
[WhiteElo "1939"]
[BlackElo "1709"]
[Opening "Dunst (Sleipner, Heinrichsen) opening"]
[ECO "A00"]
[NIC "VO.15"]
[Time "16:15:19"]
[TimeControl "180+0"]

1. Nc3 d5 2. e4 dxe4 3. Nxe4 Bf5 4. Ng3 Bg6 5. Nf3 e6 6. h4 h6 7. Ne5 Bh7 8.
Qh5 Qf6 9. Bc4 Bd6 10. d4 Ne7 11. Qe2 O-O 12. Nh5 Qf5 13. Bd3 Nbc6 14. Bxf5
Nxd4 15. Bxh7+ Kxh7 16. Qe4+ Nef5 17. c3 Bxe5 18. cxd4 Bxd4 19. g4
{Black resigns}
1-0

[Event "ICC Open 2015"]
[Site "Internet Chess Club"]
[Date "2015.05.30"]
[Round "11"]
[White "DDT3000"]
[Black "OptimusMagister"]
[Result "0-1"]
[ICCResult "White forfeits on time"]
[WhiteElo "2153"]
[BlackElo "2357"]
[Opening "French: Schlechter variation"]
[ECO "C01"]
[NIC "FR.01"]
[Time "16:13:34"]
[TimeControl "180+0"]

1. e4 e6 2. d4 d5 3. Bd3 dxe4 4. Bxe4 Nf6 5. Bf3 c5 6. c3 Be7 7. Ne2 O-O 8.
O-O Nc6 9. Be3 Nd5 10. Nd2 cxd4 11. Bxd4 Nxd4 12. cxd4 b6 13. Ne4 Ba6 14. a3
Rc8 15. Re1 Bxe2 16. Rxe2 Qd7 17. g3 Rc7 18. Rc2 Rfc8 19. Rxc7 Qxc7 20. Qd3
Qc2 21. Qa6 Rc7 22. b4 Qc4 23. Qxc4 Rxc4 24. Rd1 f5 25. Nd2 Rxd4 26. Nb3
Rxd1+ 27. Bxd1 Bf6 28. Bc2 Bb2 29. a4 Nxb4 30. Bd1 Kf7 31. Be2 Nc6 32. Bb5
Nd4 33. Nxd4 Bxd4 34. Kf1 e5 35. Ke2 Ke6 36. Bc4+ Kd6 37. Bg8 h6 38. f4 exf4
39. gxf4 g5 40. fxg5 hxg5 41. Bh7 Ke5 42. Kf3 g4+ 43. Kg2 f4 44. h3 f3+ 45.
Kg3 f2 46. Bd3 gxh3 47. Kxh3 Kf4 48. Kg2 Ke3 49. Ba6 Kd2 50. Kf1 Kc3 51. Ke2
Kb4 52. Bb5 a6 53. Be8 b5 54. axb5 axb5 55. Bc6 Kc5 56. Bg2 b4 57. Kd2 b3
58. Kd3 b2 59. Kc2 Bc3 60. Bf1 Kd4 61. Kb1 Ke3 62. Kc2 Be5 63. Kb1 Kd2 64.
Bc4 Ke1 65. Bb5 f1=Q 66. Bxf1 Kxf1 67. Kc2 Ke2 68. Kb1 Kd2 69. Ka2 Kc2
{White forfeits on time}
0-1

[Event "ICC Open 2015"]
[Site "Internet Chess Club"]
[Date "2015.05.30"]
[Round "11"]
[White "MrsPiggy"]
[Black "leandro-fire"]
[Result "0-1"]
[ICCResult "White forfeits on time"]
[WhiteElo "1391"]
[BlackElo "1465"]
[Opening "QGD Slav: 4.e3"]
[ECO "D11"]
[NIC "QP.08"]
[Time "16:14:04"]
[TimeControl "180+0"]

1. d4 d5 2. e3 Nf6 3. c4 c6 4. Nf3 Bg4 5. Be2 e6 6. O-O Be7 7. b3 O-O 8. Bb2
a6 9. Nbd2 b5 10. h3 Bh5 11. cxd5 cxd5 12. Ne5 Bxe2 13. Qxe2 Bd6 14. Ndf3
Nbd7 15. Nxd7 Qxd7 16. Rfc1 Rac8 17. Qd2 Ne4 18. Qa5 Rc6 19. Rxc6 Qxc6 20.
Rc1 Qb7 21. Ba3 b4 22. Bb2 Rc8 23. Rxc8+ Qxc8 24. Qb6 Qc2 25. Ne5 Qxf2+ 26.
Kh2 h6 27. Qd8+ Kh7 28. Qd7 Qg3+ {White forfeits on time} 0-1

[Event "ICC Open 2015"]
[Site "Internet Chess Club"]
[Date "2015.05.30"]
[Round "11"]
[White "BillietheKid"]
[Black "Sunbear"]
[Result "0-1"]
[ICCResult "White resigns"]
[WhiteElo "1478"]
[BlackElo "1960"]
[Opening "Owen defense"]
[ECO "B00"]
[NIC "VO.01"]
[Time "16:15:48"]
[TimeControl "180+0"]

1. e4 b6 2. d4 Bb7 3. Nc3 e6 4. Be2 Bb4 5. Bf3 d5 6. e5 c5 7. Ne2 Nc6 8. Bd2
cxd4 9. Nb5 Bxd2+ 10. Qxd2 Nxe5 11. Nbxd4 Nxf3+ 12. Nxf3 Nf6 13. O-O O-O 14.
Ne5 Rc8 15. Nd4 Ne4 16. Qe2 Qf6 17. f4 Rc4 18. Nd7 Qxd4+ 19. Kh1 Rd8 20. Ne5
Rc7 21. c3 Qc5 22. Rf3 d4 23. cxd4 Rxd4 24. Rh3 Nf2+ 25. Kg1 Rd1+ 26. Rxd1
Nxh3+ 27. Kh1 h6 28. Rd8+ Kh7 29. Qd3+ g6 {White resigns} 0-1

[Event "ICC Open 2015"]
[Site "Internet Chess Club"]
[Date "2015.05.30"]
[Round "11"]
[White "Aladdin"]
[Black "totus"]
[Result "0-1"]
[ICCResult "White checkmated"]
[WhiteElo "2374"]
[BlackElo "2357"]
[Opening "Pirc defense"]
[ECO "B07"]
[NIC "PU.07"]
[Time "16:14:15"]
[TimeControl "180+0"]

1. e4 d6 2. d4 Nf6 3. Nc3 g6 4. Be3 c6 5. f3 Nbd7 6. a4 Bg7 7. Qd2 e5 8.
Nge2 O-O 9. Bh6 Qe7 10. Bxg7 Kxg7 11. O-O-O a6 12. h4 h6 13. g4 b5 14. Ng3
Nb6 15. a5 Nc4 16. Bxc4 bxc4 17. g5 Ng8 18. gxh6+ Nxh6 19. h5 g5 20. dxe5
dxe5 21. Qd6 Qxd6 22. Rxd6 g4 23. fxg4 Bxg4 24. Rxc6 Rfc8 25. Rxc8 Rxc8 26.
Nd5 Rc5 27. Rg1 Rxa5 28. Nf5+ Kf8 29. Kd2 Bxf5 30. Nf6 Be6 31. Kc3 Rb5 32.
Ra1 Rb6 33. Nd5 Bxd5 34. exd5 Ke7 35. Ra2 Kd6 36. Kxc4 f5 37. b4 f4 38. Ra1
Nf5 39. Rh1 Ne3+ 40. Kd3 Kxd5 41. h6 e4+ 42. Ke2 Rb8 43. h7 Rh8 44. Rh5+ Kd4
45. Rh4 f3+ 46. Kf2 Nxc2 47. Rh6 Nxb4 48. Rd6+ Ke5 49. Rd7 Nd5 50. Ra7 a5
51. Kg3 a4 52. Kf2 a3 53. Rxa3 Rxh7 54. Ra8 Rh2+ 55. Kg1 Rd2 56. Re8+ Kd4
57. Kh1 Ke3 58. Kg1 Nf4 59. Kh1 Rd7 60. Kg1 Rg7+ 61. Kh1 Rh7+ 62. Kg1 f2+
63. Kf1 Rh1# {White checkmated} 0-1

[Event "ICC Open 2015"]
[Site "Internet Chess Club"]
[Date "2015.05.30"]
[Round "11"]
[White "lagarto300"]
[Black "toll"]
[Result "1-0"]
[ICCResult "Black forfeits on time"]
[WhiteElo "1960"]
[BlackElo "1709"]
[Opening "QGD: Marshall defense"]
[ECO "D06"]
[NIC "QP.08"]
[Time "16:13:58"]
[TimeControl "180+0"]

1. d4 d5 2. c4 Nf6 3. cxd5 Bf5 4. Nc3 Nxd5 5. e3 Nxc3 6. bxc3 e6 7. Nf3 Bd6
8. Be2 O-O 9. O-O Nd7 10. Nd2 Qh4 11. g3 Qf6 12. e4 Bh3 13. e5 Qf5 14. exd6
Bxf1 15. Bxf1 cxd6 16. Bg2 Rab8 17. Ne4 d5 18. Nd6 Qf6 19. h4 a6 20. Bf4 e5
21. dxe5 Nxe5 22. Qxd5 Ng4 23. Nxb7 Qxc3 24. Rc1 Qb2 25. Qf3 Nf6 26. Re1
Qxa2 27. Bxb8 Rxb8 28. Nd6 h6 29. Nf5 Qa5 30. Rd1 Re8 31. Nxh6+ gxh6 32.
Qxf6 {Black forfeits on time} 1-0

[Event "ICC Open 2015"]
[Site "Internet Chess Club"]
[Date "2015.05.30"]
[Round "11"]
[White "Radja"]
[Black "waynerooney"]
[Result "0-1"]
[ICCResult "White forfeits on time"]
[WhiteElo "2372"]
[BlackElo "2039"]
[Opening "Ruy Lopez: Treybal (Bayreuth) variation (exchange var. deferred)"]
[ECO "C77"]
[NIC "RL.12"]
[Time "16:13:51"]
[TimeControl "180+0"]

1. e4 e5 2. Nf3 Nc6 3. Bb5 a6 4. Ba4 Nf6 5. Bxc6 dxc6 6. d3 Bd6 7. Nbd2 h6
8. Nc4 Qe7 9. Qe2 O-O 10. Bd2 b6 11. h3 a5 12. g4 Ba6 13. Ne3 Nxe4 14. Nf5
Qd7 15. Qxe4 Bb7 16. Qe2 c5 17. Rg1 e4 18. dxe4 Rfe8 19. Nxd6 cxd6 20. Be3
Bxe4 21. O-O-O d5 22. Nd2 Bg6 23. f4 d4 24. Nc4 Qb5 25. Rg2 Be4 26. Nd6 Qxe2
27. Rxe2 Re6 28. Nxe4 Rxe4 29. Rde1 Rae8 30. f5 Rxe3 31. c3 Rxe2 32. Rxe2
Rxe2 33. cxd4 cxd4 34. a3 d3 {White forfeits on time} 0-1

[Event "ICC Open 2015"]
[Site "Internet Chess Club"]
[Date "2015.05.30"]
[Round "11"]
[White "rookfish"]
[Black "EbbeK"]
[Result "0-1"]
[ICCResult "White checkmated"]
[WhiteElo "1191"]
[BlackElo "1485"]
[Opening "Ruy Lopez: classical (Cordel) defense"]
[ECO "C64"]
[NIC "RL.01"]
[Time "16:13:58"]
[TimeControl "180+0"]

1. e4 e5 2. Nf3 Nc6 3. Bb5 Bc5 4. O-O Nd4 5. Bc4 d5 6. Bxd5 Bg4 7. d3 Nxf3+
8. gxf3 Bh3 9. Re1 Qf6 10. c4 Qg6+ 11. Bg5 Qxg5+ 12. Kh1 Qg2# {White
checkmated} 0-1

[Event "ICC Open 2015"]
[Site "Internet Chess Club"]
[Date "2015.05.30"]
[Round "11"]
[White "fredericton"]
[Black "JArookie"]
[Result "1-0"]
[ICCResult "Black forfeits on time"]
[WhiteElo "1784"]
[BlackElo "1892"]
[Opening "Ruy Lopez: Schliemann defense"]
[ECO "C63"]
[NIC "RL.06"]
[Time "16:13:50"]
[TimeControl "180+0"]

1. e4 e5 2. Nf3 Nc6 3. Bb5 f5 4. d3 fxe4 5. dxe4 Nf6 6. O-O Bc5 7. Bg5 Qe7
8. Nc3 d6 9. Qd3 Be6 10. Nd5 Qf7 11. Rad1 O-O 12. Nxf6+ gxf6 13. Bh6 Rfe8
14. Nh4 a6 15. Bxc6 bxc6 16. Qg3+ Kh8 17. Nf5 Bxf5 18. exf5 Rg8 19. Qf3 d5
20. Rfe1 Rab8 21. b3 Bd4 22. c3 e4 23. Qh3 Be5 24. f3 exf3 25. Qxf3 Rbe8 26.
Kf1 Bd6 27. h3 Re5 28. Bf4 Rxe1+ 29. Rxe1 Re8 30. Bxd6 Rxe1+ 31. Kxe1 cxd6
32. Qe3 Kg7 33. Kf2 Kf8 34. g4 Qe7 35. Qxe7+ Kxe7 36. Ke3 c5 37. Kd3 h6 38.
Ke3 a5 39. Kd3 Kf7 40. a4 h5 41. Ke3 hxg4 42. hxg4 Kg7 43. Kf4 Kh6 44. Kf3
d4 45. cxd4 cxd4 46. Ke4 Kg5 47. b4 d3 48. Kxd3 axb4 49. a5 b3 50. a6 b2 51.
Kc2 {Black forfeits on time} 1-0

[Event "ICC Open 2015"]
[Site "Internet Chess Club"]
[Date "2015.05.30"]
[Round "11"]
[White "VrloJakMK"]
[Black "Mastercito"]
[Result "1-0"]
[ICCResult "Black checkmated"]
[WhiteElo "2258"]
[BlackElo "2007"]
[Opening "King's Indian: orthodox, Aronin-Taimanov, 9.Ne1"]
[ECO "E98"]
[NIC "KI.03"]
[Time "16:15:40"]
[TimeControl "180+0"]

1. d4 d6 2. c4 Nf6 3. Nc3 g6 4. Nf3 Bg7 5. e4 O-O 6. Be2 e5 7. O-O Nc6 8. d5
Ne7 9. Ne1 Ne8 10. Be3 f5 11. f3 f4 12. Bf2 g5 13. g4 Rf6 14. Nd3 h5 15. h3
hxg4 16. hxg4 Rh6 17. Kg2 Ng6 18. Rh1 Nh4+ 19. Kf1 Nf6 20. c5 Bd7 21. Rc1
Kf7 22. b3 a6 23. b4 Qh8 24. Rg1 Ng6 25. Ke1 Rh1 26. Kd2 Rh2 27. Qf1 Nh4 28.
Kc2 Qh6 29. Kb1 Rh8 30. Nb2 Qg6 31. Nc4 Ke7 32. Na5 b5 33. cxb6 cxb6 34.
Bxb6 Rb8 35. Bc7 Rxb4+ 36. Ka1 Bxg4 37. fxg4 Rxe4 38. Bd3 Kd7 39. Bb6 Ra4
40. Bxg6 e4 41. Qxa6 Nxd5 42. Qb5+ Ke7 43. Qe8+ Kf6 44. Nxd5# {Black
checkmated} 1-0

[Event "ICC Open 2015"]
[Site "Internet Chess Club"]
[Date "2015.05.30"]
[Round "11"]
[White "WhitsellF"]
[Black "jorgeearroyo"]
[Result "1-0"]
[ICCResult "Black forfeits on time"]
[WhiteElo "1550"]
[BlackElo "1179"]
[Opening "QGD: Grau (Sahovic) defense"]
[ECO "D06"]
[NIC "QP.08"]
[Time "16:14:40"]
[TimeControl "180+0"]

1. d4 d5 2. c4 Bf5 3. Qb3 dxc4 4. Qxb7 Nd7 5. e4 Rb8 6. Qd5 e6 7. Qxc4 Bxe4
8. Nc3 Bg6 9. Nf3 Bb4 10. Be2 Ngf6 11. O-O O-O 12. Bg5 Be7 13. b3 Rb4 14.
Qa6 Rb6 15. Qxa7 Bb4 16. Na4 Rc6 17. Rac1 Bc2 18. Ne5 Nxe5 19. dxe5 h6 20.
Bxh6 gxh6 21. exf6 Qxf6 22. Qb7 {Black forfeits on time} 1-0

[Event "ICC Open 2015"]
[Site "Internet Chess Club"]
[Date "2015.05.30"]
[Round "11"]
[White "moonriver"]
[Black "paraguayo"]
[Result "0-1"]
[ICCResult "White checkmated"]
[WhiteElo "1476"]
[BlackElo "1717"]
[Opening "Modern defense"]
[ECO "A40"]
[NIC "QO.17"]
[Time "16:13:51"]
[TimeControl "180+0"]

1. d4 g6 2. Nf3 Bg7 3. Bf4 d6 4. c4 Nd7 5. Nc3 Ngf6 6. e4 O-O 7. Be2 Re8 8.
O-O e5 9. dxe5 dxe5 10. Bg5 c6 11. Qc2 Qe7 12. Rad1 Nc5 13. b4 Ne6 14. a3
Nxg5 15. Nxg5 a5 16. h4 axb4 17. axb4 Ra3 18. c5 Bg4 19. f3 Be6 20. Rd2 Nh5
21. Rfd1 Bb3 22. Qb2 Bxd1 23. Qxa3 Bxe2 24. Nxe2 Nf4 25. Nxf4 exf4 26. Qd3
h5 27. Qd7 Bc3 28. Rd1 Bxb4 29. Qxe7 Rxe7 30. Rd8+ Kg7 31. Nh3 Bxc5+ 32. Kh2
Be3 33. Rd1 c5 34. Ng5 b5 35. Rd3 c4 36. Rd8 c3 37. Rc8 b4 38. Rb8 c2 39.
Rxb4 c1=Q 40. Rb5 Qg1+ 41. Kh3 Qh1# {White checkmated} 0-1

[Event "ICC Open 2015"]
[Site "Internet Chess Club"]
[Date "2015.05.30"]
[Round "11"]
[White "muhit"]
[Black "HardAsfalt"]
[Result "0-1"]
[ICCResult "White forfeits on time"]
[WhiteElo "1994"]
[BlackElo "1750"]
[Opening "King's Indian: 4.e4"]
[ECO "E70"]
[NIC "KI.32"]
[Time "16:14:09"]
[TimeControl "180+0"]

1. d4 Nf6 2. c4 g6 3. Nc3 Bg7 4. e4 O-O 5. Nf3 b6 6. Be2 Bb7 7. e5 Nh5 8.
O-O Bh8 9. Bh6 Ng7 10. Bd3 e6 11. Ng5 d5 12. cxd5 Bxd5 13. Nxd5 Qxd5 14. Ne4
Nf5 15. Bxf8 Kxf8 16. Nf6 Bxf6 17. Bxf5 exf5 18. exf6 Nd7 19. Re1 Nxf6 20.
Re5 Qd6 21. Re3 Ng4 22. Rg3 Re8 23. h3 Nf6 24. Rd3 Ne4 25. Qf3 Qb4 26. b3
Ng5 27. Qf4 Re1+ 28. Rxe1 Qxe1+ 29. Kh2 Ne4 30. Rf3 Nd2 31. Re3 Nf1+ 32. Kg1
Nxe3+ 33. Kh2 Nf1+ 34. Kg1 Ng3+ 35. Kh2 Ne2 {White forfeits on time} 0-1

[Event "ICC Open 2015"]
[Site "Internet Chess Club"]
[Date "2015.05.30"]
[Round "11"]
[White "Bundestrainer"]
[Black "Gibhor"]
[Result "0-1"]
[ICCResult "White forfeits on time"]
[WhiteElo "1822"]
[BlackElo "1974"]
[Opening "Réti: King's Indian attack"]
[ECO "A08"]
[NIC "RE.13"]
[Time "16:13:48"]
[TimeControl "180+0"]

1. g3 d5 2. Nf3 c5 3. Bg2 Nc6 4. O-O e5 5. c4 d4 6. d3 Nf6 7. e3 Be7 8. exd4
exd4 9. Re1 O-O 10. Ne5 Nxe5 11. Rxe5 Bd6 12. Re1 Rb8 13. Na3 a6 14. Nc2 b6
15. a3 Bb7 16. Bxb7 Rxb7 17. Qf3 Re7 18. Bg5 Be5 19. Qf5 Rfe8 20. f4 Bd6 21.
Bxf6 gxf6 22. Kf2 Re6 23. h4 Qd7 24. Qd5 Qa4 25. Rac1 Qb3 26. h5 Qxd3 27.
Qf3 Qxf3+ 28. Kxf3 Rxe1 29. Nxe1 Re3+ 30. Kg4 f5+ 31. Kxf5 Rxg3 32. Rd1 Rh3
33. Kg4 Rh2 34. Nf3 Rxb2 35. Re1 Kf8 36. h6 Rg2+ 37. Kf5 Rf2 38. Ke4 f5+
{White forfeits on time}
0-1

[Event "ICC Open 2015"]
[Site "Internet Chess Club"]
[Date "2015.05.30"]
[Round "11"]
[White "Federicov"]
[Black "VerdeNotte"]
[Result "1-0"]
[ICCResult "Black resigns"]
[WhiteElo "3116"]
[BlackElo "2896"]
[Opening "Sicilian: dragon, Yugoslav attack, 9...Bd7"]
[ECO "B77"]
[NIC "SI.18"]
[Time "16:13:42"]
[TimeControl "180+0"]

1. e4 c5 2. Nf3 d6 3. d4 cxd4 4. Nxd4 Nf6 5. Nc3 g6 6. Be3 Bg7 7. f3 Nc6 8.
Qd2 O-O 9. Bc4 Bd7 10. h4 h5 11. O-O-O Rc8 12. Bb3 Ne5 13. Kb1 Nc4 14. Bxc4
Rxc4 15. Nde2 b5 16. b3 b4 17. bxc4 bxc3 18. Nxc3 Qa5 19. Bd4 Qb4+ 20. Ka1
Qxc4 21. Qd3 Rc8 22. Qxc4 Rxc4 23. Kb2 Rb4+ 24. Ka1 a5 25. a3 Rc4 26. Kb2
Be6 27. Ne2 Nd7 28. Bxg7 Kxg7 29. Nf4 Nc5 30. Nxe6+ fxe6 31. Rhe1 Kf6 32. g3
e5 33. Re3 Ke6 34. c3 Kf6 35. Kc2 Ra4 36. Ra1 Ne6 37. Rd3 Nc5 38. Rd5 Rc4
39. Rb1 g5 40. hxg5+ Kxg5 41. Rb8 Kf6 42. Rh8 Kg6 43. Rc8 Kf6 44. Rd1 Ke6
45. Rc7 Kf6 46. Rh1 Kg6 47. Rxe7 Ra4 48. Rd1 Kf6 49. Rh7 Ke6 50. Rh6+ Ke7
51. Rhxd6 Rxa3 52. R6d5 Na4 53. Rxe5+ Kf6 54. Rf5+ Ke6 55. Rd3 Nb6 56. Rxh5
Nc4 57. Rh6+ Ke7 58. Rc6 Ne5 59. Rc5 Nxd3 60. Kxd3 Ra1 61. f4 Kd6 62. Rd5+
Kc6 63. Rg5 a4 64. Kc4 Re1 65. e5 Re4+ 66. Kd3 Re1 67. Rg6+ Kb5 68. Rg8 a3
69. Ra8 Rd1+ 70. Kc2 Rg1 71. Rxa3 Kc4 72. Ra4+ Kd5 73. Rd4+ Ke6 74. Rd3 Kf5
75. Kb3 Rb1+ 76. Kc4 Rb8 77. Re3 Rc8+ 78. Kd3 Rd8+ 79. Ke2 Ke6 80. g4 Rg8
81. Kf3 Rc8 82. f5+ Kf7 83. e6+ Ke7 84. Re4 Rxc3+ 85. Kf4 Rc1 86. g5 Rf1+
87. Ke5 Ra1 88. f6+ Ke8 89. Kf5 Ra5+ 90. Kg6 Ra7 91. Rh4 Kd8 92. Rh8+ Kc7
93. Rh7+ Kd6 94. Rxa7 Kxe6 95. f7 Ke5 96. f8=Q {Black resigns} 1-0

[Event "ICC Open 2015"]
[Site "Internet Chess Club"]
[Date "2015.05.30"]
[Round "11"]
[White "Ira57"]
[Black "NAS"]
[Result "1/2-1/2"]
[ICCResult "White ran out of time and Black has no material to mate"]
[WhiteElo "1932"]
[BlackElo "1743"]
[Opening "King's Indian: East Indian defense"]
[ECO "A48"]
[NIC "QP.06"]
[Time "16:14:07"]
[TimeControl "180+0"]

1. d4 Nf6 2. Nf3 g6 3. e3 Bg7 4. b3 O-O 5. Bb2 d6 6. Nbd2 b6 7. Be2 Bb7 8.
O-O Nbd7 9. c4 c5 10. Rc1 cxd4 11. exd4 d5 12. Re1 dxc4 13. bxc4 Rc8 14. Bd3
Ba8 15. h3 Qc7 16. Rxe7 Rfe8 17. Qe1 Rxe7 18. Qxe7 Re8 19. Qb4 Qf4 20. Qc3
Rc8 21. Qb3 Re8 22. Qc2 Bh6 23. Rd1 Rc8 24. Re1 Qd6 25. Ne5 Nd5 26. Ne4 Nb4
27. Nxd6 Nxc2 28. Nxc8 Nxe1 29. Bc3 Nxd3 30. Nxd3 Be4 31. Nb4 Bg7 32. Nxa7
Nc5 33. Nb5 Na4 34. Ba1 Bb1 35. Kf1 Nc5 36. Ke1 Nd3+ 37. Nxd3 Bxd3 38. Nd6
Bf8 39. c5 bxc5 40. dxc5 Bxd6 41. cxd6 Kf8 42. Bf6 Ke8 43. a4 Kd7 44. Be7
Be4 45. f3 Bc6 46. a5 Kc8 47. h4 Kb7 48. Ke2 Ka6 49. Ke3 Kxa5 50. Kf4 Kb5
51. Ke5 Bd7 52. Kf6 Be6 53. Kg7 h5 54. Kf8 Kc6 55. Ke8 Bd7+ 56. Kd8 Be6 57.
Ke8 Bd7+ 58. Kxf7 Kd5 59. Kxg6 Ke6 60. Kxh5 Be8+ 61. Kg5 Kf7 62. h5 Kg8 63.
h6 Kh7 64. f4 Bg6 65. f5 Bxf5 66. Kxf5 Kxh6 67. Ke6 Kg6 68. d7 Kh5 69. d8=Q
Kg4 70. Qf8 Kg3 71. Qf6 Kxg2 72. Ke5 Kg1 73. Ke4 Kg2
{White ran out of time and Black has no material to mate}
1/2-1/2

[Event "ICC Open 2015"]
[Site "Internet Chess Club"]
[Date "2015.05.30"]
[Round "11"]
[White "TudoracheM"]
[Black "rovov"]
[Result "1-0"]
[ICCResult "Black checkmated"]
[WhiteElo "1800"]
[BlackElo "1588"]
[Opening "French: Tarrasch, open variation"]
[ECO "C07"]
[NIC "FR.18"]
[Time "16:13:51"]
[TimeControl "180+0"]

1. e4 e6 2. d4 d5 3. Nd2 c5 4. Ngf3 cxd4 5. exd5 Qxd5 6. Bc4 Qd6 7. O-O Nf6
8. Nb3 Nc6 9. Nbxd4 Nxd4 10. Qxd4 Qxd4 11. Nxd4 a6 12. Be2 Bc5 13. Nb3 Be7
14. Bf3 O-O 15. c4 Rd8 16. Bf4 Bd6 17. Bxd6 Rxd6 18. Rad1 Rd7 19. Nc5 Rxd1
20. Rxd1 Kf8 21. Rd8+ Ke7 22. Rh8 Rb8 23. Bxb7 Nd7 24. Nxd7 Kxd7 25. Bxc8+
Rxc8 26. Rxc8 Kxc8 27. Kf1 Kc7 28. Ke2 Kc6 29. Kd3 Kc5 30. Kc3 a5 31. b3 e5
32. a3 f5 33. b4+ axb4+ 34. axb4+ Kc6 35. Kd3 g5 36. Ke3 h6 37. g3 h5 38. f4
gxf4+ 39. gxf4 e4 40. Kd4 Kd6 41. b5 Kc7 42. c5 Kb7 43. h4 Kc7 44. Ke3 Kb7
45. Kd2 Kc7 46. Kc3 Kb7 47. Kd4 Kc7 48. Kc4 Kb7 49. Kb4 Kc7 50. Kb3 Kb7 51.
Kc3 Kc7 52. Kd4 Kd7 53. Kd5 e3 54. c6+ Ke7 55. Kc5 e2 56. Kb6 e1=Q 57. Kb7
Qb4 58. b6 Kd6 59. c7 Qc5 60. c8=Q Qxc8+ 61. Kxc8 Kc6 62. b7 Kd5 63. b8=Q
Ke4 64. Qe5+ Kf3 65. Qxf5 Kg3 66. Qxh5 Kxf4 67. Kd7 Kg3 68. Qf5 Kg2 69. Qf4
Kg1 70. Qd2 Kf1 71. Ke6 Kg1 72. Kf5 Kf1 73. Kg4 Kg1 74. Kf3 Kf1 75. Qd1#
{Black checkmated}
1-0

[Event "ICC Open 2015"]
[Site "Internet Chess Club"]
[Date "2015.05.30"]
[Round "11"]
[White "a-man"]
[Black "Berke"]
[Result "0-1"]
[ICCResult "White checkmated"]
[WhiteElo "1474"]
[BlackElo "1490"]
[Opening "Ruy Lopez: old Steinitz defense"]
[ECO "C62"]
[NIC "RL.02"]
[Time "16:14:11"]
[TimeControl "180+0"]

1. e4 e5 2. Nf3 Nc6 3. Bb5 d6 4. Bc4 Be7 5. O-O Nf6 6. Ng5 O-O 7. Nxf7 Rxf7
8. Bxf7+ Kxf7 9. Nc3 Kg8 10. d3 Bg4 11. f3 Bh5 12. Bg5 Nd4 13. Nd5 Nxd5 14.
Bxe7 Nxe7 15. c3 Ne6 16. Qd2 c6 17. d4 Qb6 18. Rad1 exd4 19. cxd4 Bf7 20.
Kh1 Qc7 21. d5 cxd5 22. exd5 Nc5 23. Rc1 Qd7 24. Qe3 Nxd5 25. Qg5 Nd3 26.
Rc4 Nf6 27. Rd1 Bxc4 28. Qe3 Ne5 29. f4 Nf7 30. Qc3 d5 31. b3 Bb5 32. a4 Bc6
33. b4 a6 34. a5 Rd8 35. Rc1 d4 36. Qd3 Bb5 37. Qd2 d3 38. Rd1 Qe6 39. h3
Qe2 40. Qxe2 dxe2 41. Rxd8+ Nxd8 42. Kh2 e1=Q 43. h4 Ng4+ 44. Kh3 h5 45. g3
Bf1# {White checkmated} 0-1

[Event "ICC Open 2015"]
[Site "Internet Chess Club"]
[Date "2015.05.30"]
[Round "11"]
[White "chessassassin"]
[Black "Estocolmov"]
[Result "1-0"]
[ICCResult "Black forfeits on time"]
[WhiteElo "2026"]
[BlackElo "2225"]
[Opening "Queen's gambit declined"]
[ECO "D30"]
[NIC "QP.08"]
[Time "16:14:08"]
[TimeControl "180+0"]

1. d4 d5 2. c4 e6 3. Nf3 f5 4. g3 Nf6 5. Bg2 c6 6. O-O Bd6 7. b3 Qe7 8. a4
b6 9. Ba3 Bxa3 10. Nxa3 O-O 11. Ne5 Bb7 12. Nc2 Nbd7 13. Nxd7 Qxd7 14. Ne1
Rac8 15. e3 c5 16. Rc1 dxc4 17. Rxc4 Rfd8 18. Bxb7 Qxb7 19. Nf3 Ne4 20. Qe2
h6 21. Rfc1 b5 22. axb5 Qxb5 23. dxc5 Rxc5 24. Nd4 Qb6 25. Nxe6 Qxe6 26.
Rxc5 Nxc5 27. Rxc5 Qxb3 28. Qc4+ Qxc4 29. Rxc4 Rd7 30. Rc5 g6 31. h4 Kf7 32.
Kg2 Ke6 33. Ra5 Kf6 34. Ra6+ Kg7 35. Kf3 g5 36. hxg5 hxg5 37. g4 fxg4+ 38.
Kxg4 Rf7 39. f3 Kf8 40. Ra5 Rg7 41. e4 Ke8 42. Kf5 Kd8 43. Kf6 Rd7 44. Kxg5
Kc8 45. f4 Kb7 46. f5 Kb6 47. Ra1 a5 48. f6 Ra7 49. e5 Kc6 50. Kg6 Kd7 51.
f7 Ke7 52. Kg7 Ra8 53. Rxa5 Rf8 54. Ra7+ {Black forfeits on time} 1-0

[Event "ICC Open 2015"]
[Site "Internet Chess Club"]
[Date "2015.05.30"]
[Round "11"]
[White "BehindBluEyes"]
[Black "Ernani"]
[Result "1/2-1/2"]
[ICCResult "Game drawn by repetition"]
[WhiteElo "2322"]
[BlackElo "2646"]
[Opening "Sicilian: Alapin's variation (2.c3)"]
[ECO "B22"]
[NIC "SI.46"]
[Time "16:15:06"]
[TimeControl "180+0"]

1. e4 c5 2. c3 e6 3. d4 Nf6 4. f3 b6 5. Be3 d5 6. e5 Nfd7 7. f4 Ba6 8. Bxa6
Nxa6 9. Nf3 Be7 10. O-O O-O 11. Qd3 c4 12. Qc2 f5 13. exf6 gxf6 14. Nbd2 Nc7
15. Rae1 Kh8 16. f5 e5 17. Bh6 Rg8 18. dxe5 fxe5 19. Nxe5 Bc5+ 20. Kh1 Nxe5
21. Rxe5 Qh4 22. Be3 Qg4 23. Nf3 Bxe3 24. Rxe3 Raf8 25. Nd4 Rf7 26. Rg3 Qh4
27. Rxg8+ Kxg8 28. Qe2 Re7 29. Qf3 Qf6 30. Qg4+ Kh8 31. h3 Rg7 32. Qf4 Ne8
33. Re1 Re7 34. Rxe7 Qxe7 35. Ne6 Nf6 36. Qe5 Kg8 37. g4 h6 38. Kg2 d4 39.
Qxd4 Qb7+ 40. Kg1 Qf3 41. Qxf6 Qg3+ 42. Kf1 Qf3+ 43. Ke1 Qe3+ 44. Kd1 Qd3+
45. Kc1 Qe3+ 46. Kc2 Qe2+ 47. Kc1 Qe1+ 48. Kc2 Qe2+ 49. Kc1 Qe1+ 50. Kc2
Qe2+ 51. Kc1 Qe1+ 52. Kc2 Qe2+ 53. Kc1 Qe1+ {Game drawn by repetition}
1/2-1/2